 Dungeon Crawl Stone Soup version 0.29.0-13-gc9e81de378 (webtiles) character file.

Game seed: 7272155960939880719

20 Ofeo the Digger (level 3, -1/26 HPs)
             Began as a Meteoran Earth Elementalist on Sept 10, 2022.
             Slain by a kobold
             ... wielding a +0 dagger
              (4 damage)
             ... on level 3 of the Dungeon.
             The game lasted 00:00:40 (90 turns).

Ofeo the Digger (Meteoran Earth Elementalist)         Turns: 90, Time: 00:00:41

Health: -1/26      AC:  2    Str: 10    XL:     3   Next: 14%
Magic:  8/8        EV: 12    Int: 18    God:
Gold:   0          SH:  0    Dex: 14    Spells: 7/8 levels left

rFire   . . .      SeeInvis .   (no weapon)
rCold   . . .      Faith    .   (no shield)
rNeg    . . .      Spirit   .   a - +0 robe
rPois   .          Reflect  .   (no helmet)
rElec   .          Harm     .   (no cloak)
rCorr   .          Rampage  .   (no gloves)
Will    .....                   (no boots)
Stlth   +.........              (no amulet)
HPRegen 0.08/turn               (no ring)
MPRegen 0.11/turn               (no ring)

@: very slightly contaminated, glowing
A: sense surroundings 1, otherworldly, glowing, explore regen
a: no special abilities


You were on level 3 of the Dungeon.
You visited 1 branch of the dungeon, and saw 3 of its levels.

Inventory:

Armour
 a - a +0 robe (worn)
Scrolls
 c - a scroll of blinking {unknown}
 d - 3 scrolls of identify {unknown}


   Skills:
 + Level 2.8 Dodging
 + Level 1.7 Stealth
 + Level 3.0 Spellcasting
 + Level 1.7 Transmutations
 + Level 3.9 Earth Magic


You had 7 spell levels left.
You knew the following spells:

 Your Spells              Type           Power      Damage    Failure   Level
a - Sandblast             Erth           32%        2d9       3%          1

Your spell library contained the following spells:

 Spells                   Type           Power      Damage    Failure   Level
 Passwall                 Tmut/Erth      10%        N/A       8%          2
 Stone Arrow              Conj/Erth      18%        3d8       22%         3
 Petrify                  Tmut/Erth      12%        N/A       45%         4


Dungeon Overview and Level Annotations

Branches:
Dungeon (3/15) Zot: 1703

Altars:


Innate Abilities, Weirdness & Mutations

You passively map a small area around you.
You are easily found by Zot.
You glow in the dark.
You regain HP and MP as you explore.


Message History

The ufetubus hits you.
The ufetubus hits you but does no damage.
The ufetubus closely misses you. The ufetubus hits you.
You take 9 damage, and have 8/20 hp.
MASSIVE DAMAGE!!
You now have 3/6 mp.
Casting: Sandblast (safe; 3% risk of failure)
Confirm with . or Enter, or press ? or * to list all spells.
Aiming: Sandblast (safe; 3% risk of failure)
Press: ? - help, Shift-Dir - straight line, f/p - ufetubus
Aim: an ufetubus (70% to hit)
The blast of sand hits the ufetubus.
The ufetubus is severely wounded.
The ufetubus hits you.
* * * LOW HITPOINT WARNING * * *
The ufetubus hits you.
* * * LOW HITPOINT WARNING * * *
The ufetubus hits you.
* * * LOW HITPOINT WARNING * * *
The ufetubus hits you but does no damage.
The kobold throws a stone.
The stone hits you.
* * * LOW HITPOINT WARNING * * *
You take 6 damage, and have 2/20 hp.
MASSIVE DAMAGE!!
You now have 2/6 mp.
Casting: Sandblast (safe; 3% risk of failure)
Confirm with . or Enter, or press ? or * to list all spells.
Aiming: Sandblast (safe; 3% risk of failure)
Press: ? - help, Shift-Dir - straight line, f/p - ufetubus
Aim: an ufetubus (severely wounded, 70% to hit)
The blast of sand hits the ufetubus.
You kill the ufetubus!
Your Spellcasting skill increases to level 3!
You have reached level 3!
Your experience leads to an increase in your attributes!
Increase (s)trength, (i)ntelligence, or (d)exterity?
You feel clever. x2; You feel stronger.
You now have 1/8 mp.
Magic courses through your body. The kobold hits you with a +0 dagger.
You die...

#.......# , *
,#.####..#. ** * ,
#....#.# #######
.######.#.##.# ......#
..........##.# *......#
######.#####.# ......# #
#.# #.# ......#
...###.#####.####......#
*
#..............@......+,
,
#####.#####.####K.....#
* , #.......# *o.....#
######### ....... * *
....... ....... ,
....... * ####..., , * ,


You could see an orc and a kobold.

Vanquished Creatures
  An adder (D:2)
  An ufetubus (D:3)
  An endoplasm (D:2)
  2 bats (D:2)
  A frilled lizard (D:2)
  A kobold (D:1)
  2 rats
9 creatures vanquished.

Notes
Turn   | Place    | Note
-------+----------+-------------------------------------------
     0 | D:1      | Ofeo the Meteoran Earth Elementalist began the quest for
                  | the Orb.
     0 | D:1      | Reached XP level 1. HP: 14/14 MP: 5/5
    48 | D:2      | Reached XP level 2. HP: 20/20 MP: 4/6
    90 | D:3      | Reached XP level 3. HP: 3/26 MP: 1/8
    90 | D:3      | Slain by a kobold

Illustrated notes

Levels and vault maps discovered:
D:1:      dpeg_arrival_shrine, layout_basic
D:2:      layout_rooms, basic_altar, shapermc_ecumenical_altar_notcrosses,
          st_stairs_7, bh_walls_and_bars
D:3:      minmay_general_purpose_star, layout_basic, nicolae_ashenzari_skybound,
          uniq_grinder

Skill      XL: |  1  2 |
---------------+-------+-----
Spellcasting   | 3 |  3.0
Dodging        | |  2.8
Stealth        | |  1.7
Transmutations | |  1.7
Earth Magic    | |  3.9

Action                   || total
-------------------------++-------
 Cast: Sandblast         ||    12
  Use: Potion            ||     1
Armor: Robe              ||     2
Dodge: Dodged            ||     4
